 Dungeon Crawl Stone Soup version 0.24-a0-462-ge24419a6ad (console) character file.

Game seed: 11397646845699987659

30 Lexodia the Sneak (level 3, -2/24 HPs)
             Began as a Demonspawn Enchanter on July 1, 2019.
             Slain by an orc
             ... wielding a +0 trident
              (6 damage)
             ... on level 2 of the Dungeon.
             The game lasted 00:03:50 (1063 turns).

Lexodia the Sneak (Demonspawn Enchanter)            Turns: 1063, Time: 00:03:51

Health: -2/24      AC:  2    Str:  8    XL:     3   Next: 5%
Magic:  1/6        EV: 12    Int: 16    God:
Gold:   50         SH:  0    Dex: 14    Spells: 3/6 levels left

rFire    . . .     SeeInvis .   a - +1 dagger
rCold    . . .     Gourm    .   (no shield)
rNeg     . . .     Faith    .   b - +0 robe
rPois    .         Spirit   .   (no helmet)
rElec    .         Reflect  .   (no cloak)
rCorr    .         Harm     .   (no gloves)
MR       .....                  (no boots)
Stlth    +++.......             (no amulet)
HPRegen  0.08/turn              (no ring)
MPRegen  0.10/turn              (no ring)

@: very slightly contaminated
A: hooves 1, nightstalker 1
a: no special abilities


You were on level 2 of the Dungeon.
You were hungry.

You visited 1 branch of the dungeon, and saw 2 of its levels.

You collected 50 gold pieces.

Inventory:

Hand Weapons
 a - a +1 dagger (weapon)
Armour
 b - a +0 robe (worn)
Scrolls
 g - a scroll of identify {unknown}
 i - a scroll of remove curse {unknown}
 j - a scroll of fog {unknown}
 k - a scroll of enchant armour {unknown}
Potions
 c - a potion of curing {unknown}
 e - a potion of brilliance {unknown}
 h - 3 potions of agility {unknown}
Comestibles
 d - 3 rations


   Skills:
 * Level 1.3 Short Blades
 + Level 2.0 Dodging
 * Level 3.2 Stealth
 + Level 2.3 Spellcasting
 + Level 3.2 Hexes


You had 3 spell levels left.
You knew the following spells:

 Your Spells              Type           Power        Failure   Level  Hunger
a - Corona                Hex            ##.....      5%          1    #......
b - Ensorcelled Hibernat  Hex/Ice        #.....       16%         2    ###....

Your spell library contained the following spells:

 Spells                   Type           Power        Failure   Level  Hunger
 Confuse                  Hex            ##......     16%         3    ###....
 Tukima's Dance           Hex            ##......     16%         3    ###....
 Dazzling Spray           Conj/Hex       #.....       30%         3    ###....


Dungeon Overview and Level Annotations

Branches:
Dungeon (2/15)

Altars:

Annotations:
D:2 Robin


Innate Abilities, Weirdness & Mutations

You have large cloven feet.
You are slightly more attuned to the shadows.


Message History

Casting: Ensorcelled Hibernation (safe; 16% risk of failure)
Confirm with . or Enter, or press ? or * to list all spells.
Aiming: Ensorcelled Hibernation (safe; 16% risk of failure)
Press: ? - help, Shift-Dir - straight line, f/p - orc
Aim: an orc, wielding a +0 trident and wearing a +0 leather armour (chance to defeat MR: 55%)
You miscast Ensorcelled Hibernation.
You are very lightly contaminated with residual magic.
Your skin tingles.
The orc completely misses you.
Casting: Ensorcelled Hibernation (safe; 16% risk of failure)
Confirm with . or Enter, or press ? or * to list all spells.
Aiming: Ensorcelled Hibernation (safe; 16% risk of failure)
Press: ? - help, Shift-Dir - straight line, f/p - orc
Aim: an orc, wielding a +0 trident and wearing a +0 leather armour (chance to defeat MR: 55%)
You miscast Ensorcelled Hibernation.
Nothing appears to happen.
The orc hits you from afar with a +0 trident!
* * * LOW HITPOINT WARNING * * *
Huge Dmg: -33%(-8hp) hp: 13%(3hp)
There is a stone staircase leading up here.
The orc hits you from afar with a +0 trident.
You die...

#.# #.#
#.##########
#....w.....#
##########.#
#.# #o# #.#
#@# #.# ###


You could see an orc.

Vanquished Creatures
  An adder (D:2)
  3 dart slugs (D:1)
  6 bats (D:1)
  A goblin (D:1)
  A hobgoblin (D:1)
  2 kobolds
  3 rats (D:1)
17 creatures vanquished.

Notes
Turn   | Place    | Note
-------+----------+-------------------------------------------
     0 | D:1      | Lexodia the Demonspawn Enchanter began the quest for the
                  | Orb.
     0 | D:1      | Reached XP level 1. HP: 13/13 MP: 3/3
   182 | D:2      | Noticed Robin
   212 | D:1      | Reached skill level 1 in Short Blades
   311 | D:1      | Gained mutation: You are slightly more attuned to the
                  | shadows. [demonic ancestry]
   311 | D:1      | Reached XP level 2. HP: 16/19 MP: 3/5
   315 | D:1      | Learned a level 2 spell: Ensorcelled Hibernation
   316 | D:1      | Huge Dmg: 5 dmg
  1007 | D:2      | Gained mutation: You have large cloven feet. [demonic
                  | ancestry]
  1007 | D:2      | Reached XP level 3. HP: 24/24 MP: 6/6
  1031 | D:2      | Huge Dmg: 5 dmg
  1049 | D:2      | Huge Dmg: 5 dmg
  1050 | D:2      | Huge Dmg: 5 dmg
  1053 | D:2      | Huge Dmg: 8 dmg
  1063 | D:2      | Slain by an orc

Levels and vault maps discovered:
D:1:      minmay_arrival_wavy_path, layout_basic
D:2:      layout_basic, uniq_robin

Skill      XL: |  1  2 |
---------------+-------+-----
Short Blades   | 1 |  1.3
Stealth        | 3 |  3.2
Dodging        | 2 |  2.0
Spellcasting   | |  2.3
Hexes          | |  3.2

Action                   || total
-------------------------++-------
Melee: Dagger            ||    52
 Cast: Corona            ||     6
       Ensorcelled Hiber ||     3
 Stab: Sleeping          ||     6
Armor: Robe              ||    20
Dodge: Dodged            ||    35

Table legend:
 A = Non-vault XP
 B = Vault XP
 C = Vault XP percentage of total XP
 D = Non-vault monster count
 E = Vault monster count
 F = Vault count percentage of total count
                 A         B        C        D         E       F
            +---------+---------+-------+---------+---------+-------
      Total |      44 |       0 |   0.0 |      17 |       0 |   0.0
            +---------+---------+-------+---------+---------+-------
        D:1 |      29 |       0 |   0.0 |      15 |       0 |   0.0
        D:2 |      15 |       0 |   0.0 |       2 |       0 |   0.0
            +---------+---------+-------+---------+---------+-------
